 Dungeon Crawl Stone Soup version 0.25-a0-246-g58704a1ebd (webtiles) character file.

Game seed: 17283267892154160827, levelgen mode: deterministic

1080 MisterFreud the Ruffian (level 8, -2/79 HPs)
             Began as a Troll Monk on Dec 3, 2019.
             Was a Priest of Okawaru.
             Slain by Grum
             ... wielding a -1 spear
              (16 damage)
             ... on level 8 of the Dungeon.
             The game lasted 00:07:26 (3763 turns).

MisterFreud the Ruffian (Troll Monk)                Turns: 3763, Time: 00:07:27

Health: -2/79      AC:  6    Str: 20    XL:     8   Next: 8%
Magic:  8/8        EV: 12    Int:  6    God:    Okawaru [***...]
Gold:   174        SH:  0    Dex: 14    Spells: 7/7 levels left

rFire    . . .     SeeInvis .     - Unarmed
rCold    + . .     Gourm    +   (no shield)
rNeg     . . .     Faith    .   a - +0 robe
rPois    .         Spirit   .   (helmet restricted)
rElec    .         Reflect  .   (no cloak)
rCorr    .         Harm     .   (gloves unavailable)
MR       .....                  (boots unavailable)
Stlth    ++........             (no amulet)
HPRegen  0.63/turn              l - ring of protection from cold
MPRegen  0.11/turn              (no ring)

@: no status effects
A: large, unfitting armour, claws 3, fast metabolism 3, gourmand, regeneration
1, shaggy fur 1, tough skin 3
a: Heroism, Renounce Religion


You were on level 8 of the Dungeon.
You worshipped Okawaru.
Okawaru was most pleased with you.
You were very full.

You visited 2 branches of the dungeon, and saw 7 of its levels.

You collected 174 gold pieces.

Inventory:

Missiles
 c - a throwing net (quivered)
 e - 159 stones
 g - 7 javelins
Armour
 a - a +0 robe (worn)
 o - a +0 large shield
Jewellery
 l - a ring of protection from cold (left claw)
Wands
 n - a wand of digging (1)
 u - a wand of flame (15)
Scrolls
 m - 2 scrolls of fear
 p - 2 scrolls of remove curse
 q - a scroll of enchant weapon
 t - a scroll of magic mapping
Potions
 d - 3 potions of heal wounds
 f - a potion of magic
 h - 3 potions of curing {unknown}
 i - 2 potions of degeneration {unknown}
 j - a potion of cancellation {unknown}
 k - 2 potions of lignification {unknown}
 r - a potion of flight {unknown}
 s - a potion of ambrosia {unknown}
Comestibles
 b - 6 rations


   Skills:
 + Level 4.5 Fighting
 + Level 4.6 Dodging
 - Level 1.0 Stealth
 + Level 1.5 Shields
 + Level 6.6 Unarmed Combat
 + Level 1.7 Invocations


You had 7 spell levels left.
You didn't know any spells.
Your spell library contained the following spells:

 Spells                   Type           Power        Failure   Level  Hunger
 Corona                   Hex            #......      45%         1    ##.....
 Slow                     Hex            #.......     58%         2    ###....
 Inner Flame              Hex/Fire       #.......     83%         3    ####...
 Portal Projectile        Hex/Tloc       #.....       83%         3    ####...
 Cause Fear               Hex            #.........   99%         4    #####..
 Leda's Liquefaction      Hex/Erth       #.........   99%         4    #####..


Dungeon Overview and Level Annotations

Branches:
Dungeon (5/15)             Temple (1/1) D:4

Altars:
Ashenzari
Cheibriados
Gozag
Hepliaklqana
Kikubaaqudgha
Makhleb
Nemelex Xobeh
Okawaru
Qazlal
Ru
Sif Muna
Trog
Uskayaw
Wu Jian
Xom
Yredelemnul
Zin
The Shining One

Annotations:
D:8 Grum


Innate Abilities, Weirdness & Mutations

You are too large for most types of armour.
You have claws for hands.
Your metabolism is lightning-fast.
You like to eat raw meat.
Your natural rate of healing is unusually fast.
You are covered in fur. (AC +1)
You have extremely tough skin. (AC +3)


Message History

Grum hits you from afar with a -1 spear!
The wolf closely misses you. x2
You closely miss the wolf.
The wolf is almost dead.
The wolf bites you. x2
Grum hits you from afar with a -1 spear.
The wolf barely misses you.
You miss the wolf.
The wolf is almost dead.
The wolf bites you.
* * * LOW HITPOINT WARNING * * *
The wolf bites you but does no damage. Grum barely misses you.
The wolf bites you.
* * * LOW HITPOINT WARNING * * *
You scratch the wolf. You claw the wolf, but do no damage.
The wolf is almost dead.
The wolf misses you. The wolf bites you.
* * * LOW HITPOINT WARNING * * *
Grum hits you from afar with a -1 spear!
You die...

.#.## .# .... #.#
#.#.#.#.##.#
...........#
#....#..#..##
............#
...#.#....(#.#.###
<...#....(.....@.#
#.#.#.#...#.#h#h### .
#..#.#....$..g....#
..#.#.#.#.#.#.#.#.#.#
#.#...............(.#
..# #....###..#..####
..###...........##
........#########
...##...#


You could see Grum and 2 wolves.

Vanquished Creatures
  2 ice beasts (D:8)
  An ogre (D:4)
  A sky beast (D:5)
  A wolf (D:8)
  A big kobold (D:8)
  A bullfrog (D:3)
  A crimson imp (D:8)
  A centaur zombie (D:4)
  An orc priest (D:4)
  2 bullfrog skeletons (D:4)
  An iguana (D:4)
  An orc wizard (D:4)
  Terence (D:3)
  3 worker ants (D:4)
  A hound skeleton (D:4)
  4 gnolls (D:8)
  5 adders
  A white imp (D:8)
  An ooze (D:1)
  2 worms
  A dart slug (D:1)
  4 leopard geckos
  6 orcs (D:4)
  2 ball pythons
  2 giant cockroaches (D:1)
  6 goblins
  6 hobgoblins
  8 jackals
  A quokka (D:4)
  7 bats
  3 frilled lizards
  A jackal skeleton (D:4)
  9 kobolds
  7 rats
95 creatures vanquished.

Notes
Turn   | Place    | Note
-------+----------+-------------------------------------------
     0 | D:1      | MisterFreud the Troll Monk began the quest for the Orb.
     0 | D:1      | Reached XP level 1. HP: 22/22 MP: 0/0
   223 | D:1      | Reached XP level 2. HP: 28/29 MP: 1/1
   362 | D:1      | Reached skill level 4 in Unarmed Combat
   515 | D:1      | Reached XP level 3. HP: 35/36 MP: 2/2
  1365 | D:2      | Found a hide-covered altar of Uskayaw.
  1371 | D:2      | Reached XP level 4. HP: 41/44 MP: 3/3
  1494 | D:2      | Found a glowing golden altar of the Shining One.
  1858 | D:3      | Reached skill level 5 in Unarmed Combat
  1937 | D:3      | Noticed Terence
  1953 | D:3      | Killed Terence
  2190 | D:3      | Noticed a bullfrog
  2195 | D:3      | Killed a bullfrog
  2195 | D:3      | Reached skill level 6 in Unarmed Combat
  2195 | D:3      | Reached XP level 5. HP: 50/50 MP: 4/4
  2312 | D:3      | Found a shimmering blue altar of Sif Muna.
  2364 | D:3      | Found a shimmering altar of Xom.
  2781 | D:4      | Found a stormy altar of Qazlal.
  2784 | D:4      | Reached XP level 6. HP: 57/59 MP: 5/5
  2791 | D:4      | Found a sacrificial altar of Ru.
  2816 | D:4      | Found a staircase to the Ecumenical Temple.
  2868 | Temple   | Entered the Ecumenical Temple
  2932 | Temple   | Became a worshipper of Warmaster Okawaru
  2932 | Temple   | Reached * piety under Okawaru
  2932 | Temple   | Reached ** piety under Okawaru
  3110 | D:4      | Reached XP level 7. HP: 30/67 MP: 6/6
  3383 | D:5      | Entered Level 5 of the Dungeon
  3400 | D:5      | You fall into a shaft and drop 3 floors!
  3451 | D:8      | Reached *** piety under Okawaru
  3451 | D:8      | Reached skill level 1 in Shields
  3451 | D:8      | Reached skill level 1 in Invocations
  3511 | D:8      | Reached XP level 8. HP: 65/79 MP: 8/8
  3624 | D:8      | Noticed a polar bear
  3745 | D:8      | Noticed Grum
  3763 | D:8      | Slain by Grum

Levels and vault maps discovered:
D:1:      evilmike_arrival_plus, layout_basic, hangedman_decor_opposing
D:2:      layout_loops_cross, eat_drink_and_be_merry_uskayaw,
          nicolae_tso_swordbearing_angel
D:3:      layout_loops_ring, led_sif_pool, lemuel_doored_altar, st_stairs_1,
          uniq_terence
D:4:      layout_basic, amethyst_overflow_temple_binary,
          minmay_temple_entry_crystal_x
D:5:      minmay_razor_zed, layout_basic, kennysheep_mini_moat, first_ration,
          minmay_joined_circles, uniq_grinder
D:8:      minmay_gate_of_8, layout_basic, vehumet_altar_wand_db, serial_ice,
          serial_ice_e, serial_ice_n, serial_ice_m, serial_ice_f,
          grunt_ogre_cave, hangedman_decor_riveting, uniq_grum
Temple:   eino_temple_water

Skill      XL: |  1  2  3  4  5  6  7 |
---------------+----------------------+-----
Unarmed Combat | 4 6 |  6.6
Dodging        | 3 4 |  4.6
Fighting       | 3 4 |  4.5
Shields        | 1 |  1.5
Invocations    | 1 |  1.7
Stealth        | |  1.0

Action                   |  1- 3 |  4- 6 |  7- 9 || total
-------------------------+-------+-------+-------++-------
Melee: Unarmed           |    98 |   132 |    75 ||   305
       Punch             |       |     4 |     2 ||     6
  Use: Scroll            |     6 |     5 |       ||    11
 Stab: Sleeping          |     5 |     4 |       ||     9
  Eat: Chunk             |    18 |    14 |     7 ||    39
Armor: Robe              |    44 |    38 |    22 ||   104
Dodge: Dodged            |    42 |    61 |    56 ||   159

Table legend:
 A = Non-vault XP
 B = Vault XP
 C = Vault XP percentage of total XP
 D = Non-vault monster count
 E = Vault monster count
 F = Vault count percentage of total count
                 A         B        C        D         E       F
            +---------+---------+-------+---------+---------+-------
      Total |    1100 |     444 |  28.8 |      87 |       8 |   8.4
            +---------+---------+-------+---------+---------+-------
        D:1 |      47 |       0 |   0.0 |      23 |       0 |   0.0
        D:2 |      53 |       0 |   0.0 |      17 |       0 |   0.0
        D:3 |     145 |      44 |  23.3 |      13 |       4 |  23.5
        D:4 |     518 |       0 |   0.0 |      22 |       0 |   0.0
        D:5 |     124 |       0 |   0.0 |       1 |       0 |   0.0
        D:8 |     213 |     400 |  65.3 |      11 |       4 |  26.7
            +---------+---------+-------+---------+---------+-------
